 Dungeon Crawl Stone Soup version 0.21-a0-516-gaaff437 (webtiles) character file.

780 Gerstahl the Skirmisher (level 7, -2/56 HPs)
             Began as a Demonspawn Gladiator on Dec 3, 2017.
             Was an Initiate of Ashenzari.
             Slain by a thrashing horror (5 damage)
             ... on level 2 of the Abyss.
             The game lasted 00:07:52 (5000 turns).

Gerstahl the Skirmisher (Demonspawn Gladiator)      Turns: 5000, Time: 00:07:52

Health: -2/56      AC: 11    Str: 17    XL:     7   Next: 55%
Magic:  8/8        EV: 11    Int:  9    God:    Ashenzari [......]
Gold:   244        SH:  0    Dex: 18    Spells: 6/6 levels left

rFire    + . .     SeeInvis .   a - +0 quarterstaff
rCold    . . .     Gourm    .   (shield currently unavailable)
rNeg     . . .     Faith    .   r - +1 scale mail {rF+}
rPois    .         Spirit   .   c - +0 helmet
rElec    .         Reflect  .   k - +0 cloak
rCorr    .         Harm     .   (no gloves)
MR       +....                  (no boots)
Stlth    ..........             (no amulet)
HPRegen  0.18/turn              (no ring)
MPRegen  0.11/turn              (no ring)

@: hasted, very quick
A: talons 1, iridescent scales 1, agile 1, demonic guardian 1, low mp 1, magic
resistance 1, strong 1
a: Curse Item, Renounce Religion


You were on level 2 of the Abyss.
You worshipped Ashenzari.
Ashenzari was noncommittal.
You were very hungry.

You visited 1 branch of the dungeon, and saw 5 of its levels.
You visited the Abyss 1 time.

You collected 244 gold pieces.

Inventory:

Hand Weapons
 a - a +0 quarterstaff (weapon)
Armour
 b - a +0 leather armour
 c - a +0 helmet (worn)
 k - a +0 cloak (worn)
 o - a +0 leather armour
 r - a +1 scale mail of fire resistance (worn)
Magical Staves
 v - an uncursed staff of air
Wands
 j - a wand of disintegration (11)
 n - a wand of polymorph (14)
 A - a wand of flame (34)
Scrolls
 e - 5 scrolls of identify {unknown}
 g - 2 scrolls of remove curse
 h - 3 scrolls of teleportation {unknown}
 i - a scroll of immolation {unknown}
 p - a scroll of blinking {unknown}
 q - 2 scrolls of amnesia {unknown}
 w - a scroll of enchant armour {unknown}
 y - a scroll of fog {unknown}
 z - a scroll of silence {unknown}
 D - a scroll of fear {unknown}
Potions
 m - a potion of mutation
 t - a potion of heal wounds {unknown}
 x - a potion of ambrosia {unknown}
 B - 3 potions of curing {unknown}
 C - a potion of cancellation {unknown}
Comestibles
 f - 3 bread rations
 l - 3 royal jellies
 u - 2 meat rations


   Skills:
 + Level 5.5 Fighting
 + Level 5.4 Staves
 - Level 1.7 Throwing
 - Level 2.6 Dodging
 + Level 3.8 Evocations


You had 6 spell levels left.
You didn't know any spells.

Dungeon Overview and Level Annotations

Branches:
Dungeon (5/15)
 Temple: D:4-7

Altars:
Ashenzari
Gozag
Nemelex Xobeh
Trog

Annotations:
D:5 Edmund


Innate Abilities, Weirdness & Mutations

You have sharp toenails.
You are partially covered in iridescent scales. (AC +2)
A weak demonic guardian rushes to your aid.
You are agile. (Dex +2)
Your magical capacity is low. (-10% MP)
You are resistant to hostile enchantments. (MR+)
Your muscles are strong. (Str +2)


Message History

The thrashing horror tramples your ufetubus.
Your ufetubus stumbles backwards!
Your ufetubus dies!
Found 20 gold pieces.
The thrashing horror roars!
The thrashing horror tramples you.
* * * LOW HITPOINT WARNING * * *
You stumble backwards!
The thrashing horror roars!
The thrashing horror tramples you but does no damage.
The thrashing horror misses you.
The thrashing horror roars!
The thrashing horror closely misses you. x2
Your white imp gestures at the thrashing horror.
The puff of frost hits the thrashing horror.
The thrashing horror resists.
The thrashing horror tramples you.
* * * LOW HITPOINT WARNING * * *
You stumble backwards!
You feel yourself speed up. The thrashing horror tramples you.
You die...

#..#.# #(
###..#### .#
#.#.. .# ..
##.#..# %#
##.#.####.#
#..##.$.#.###
#.##...#.5##.###
.##
###..#X#....#
#.##..@#
..#§.#.#.#
#.>#§##. .# ...
## ..### ..#
###. #


You could see a thrashing horror and a friendly white imp.

Vanquished Creatures
  Prince Ribbit (D:5)
  An ice beast (D:4)
  A small abomination (Abyss:2)
  A scorpion (D:4)
  A hound (D:5)
  An orc priest (D:4)
  2 orc wizards (D:3)
  5 worker ants (D:4)
  A hound skeleton (D:5)
  Robin (D:4)
  7 adders
  2 oozes
  4 worms
  A dart slug (D:2)
  2 leopard geckos (D:2)
  15 orcs
  3 ball pythons
  8 giant cockroaches
  14 goblins
  4 hobgoblins
  18 jackals
  7 kobolds
  A quokka (D:2)
  2 bats
  9 frilled lizards
  5 rats
117 creatures vanquished.

Vanquished Creatures (collateral kills)
  An orc wizard (D:4)
  An orc (D:4)
2 creatures vanquished.

Grand Total: 119 creatures vanquished

Notes
Turn   | Place    | Note
-------+----------+-------------------------------------------
     0 | D:1      | Gerstahl the Demonspawn Gladiator began the quest for the Orb.
     0 | D:1      | Reached XP level 1. HP: 16/16 MP: 1/1
   445 | D:1      | Gained mutation: You have sharp toenails. [demonic ancestry]
   445 | D:1      | Reached XP level 2. HP: 20/23 MP: 2/2
  1389 | D:2      | Found a faded altar of an unknown god.
  1439 | D:2      | Reached XP level 3. HP: 26/28 MP: 3/3
  2148 | D:3      | Gained mutation: You are partially covered in iridescent scales. (AC +2) [demonic ancestry]
  2148 | D:3      | Reached XP level 4. HP: 14/35 MP: 4/4
  2792 | D:3      | Reached XP level 5. HP: 34/42 MP: 5/5
  2803 | D:3      | Gained mutation: You are resistant to hostile enchantments. (MR+) [potion of mutation]
  2803 | D:3      | Gained mutation: Your magical capacity is low. (-10% MP) [potion of mutation]
  2803 | D:3      | Gained mutation: Your muscles are strong. (Str +2) [potion of mutation]
  2803 | D:3      | Gained mutation: You are agile. (Dex +2) [potion of mutation]
  3033 | D:3      | Reached skill level 1 in Evocations
  3454 | D:4      | Gained mutation: A weak demonic guardian rushes to your aid. [demonic ancestry]
  3454 | D:4      | Reached XP level 6. HP: 22/49 MP: 6/6
  3809 | D:4      | Noticed an ice beast
  3828 | D:4      | Killed an ice beast
  3929 | D:4      | Noticed Robin
  3959 | D:4      | Killed Robin
  4496 | D:4      | Found a shattered altar of Ashenzari.
  4497 | D:4      | Found an opulent altar of Gozag.
  4497 | D:4      | Found a bloodstained altar of Trog.
  4498 | D:4      | Found a sparkling altar of Nemelex Xobeh.
  4507 | D:4      | Reached skill level 5 in Staves
  4509 | D:4      | Became a worshipper of Ashenzari the Shackled
  4515 | D:4      | Reached skill level 5 in Fighting
  4522 | D:4      | Reached XP level 7. HP: 54/56 MP: 8/8
  4726 | D:5      | Entered Level 5 of the Dungeon
  4831 | D:5      | Noticed Prince Ribbit
  4837 | D:5      | Noticed Edmund
  4852 | D:5      | Killed Prince Ribbit
  4858 | D:5      | Cast into level 2 of the Abyss (Edmund)
  4969 | Abyss:2  | Noticed a large abomination
  4971 | Abyss:2  | Noticed a spatial vortex
  4971 | Abyss:2  | Noticed a thrashing horror
  4972 | Abyss:2  | Noticed a spatial vortex
  4972 | Abyss:2  | Noticed a spatial vortex
  4972 | Abyss:2  | Noticed a spatial vortex
  4973 | Abyss:2  | Noticed a thrashing horror
  5000 | Abyss:2  | Slain by a thrashing horror

Vault maps used:
D:1:      giann_bridges, serial_forest, infiniplex_forest_clump_cross,
          infiniplex_forest_split, infiniplex_forest_lined_3,
          infiniplex_forest_zigzag_1, infiniplex_forest_end_2,
          infiniplex_forest_end_2, infiniplex_forest_lined_2,
          infiniplex_forest_clump_tiny, infiniplex_forest_clump_long,
          st_stairs_13, nrook_uturn, minmay_misc_feat_four_crosses
D:2:      chequers_ecumenical_altar_simple, first_bread, minmay_domino_2
D:4:      chequers_temple_overflow_statue_of_worship, uniq_robin
D:5:      uniq_edmund, uniq_prince_ribbit1
Abyss:2:  hangedman_decor_points

Skill      XL: |  1  2  3  4  5  6 |
---------------+-------------------+-----
Staves         | 3 4 5 |  5.4
Fighting       | 3 4 5 |  5.5
Evocations     | 2 3 |  3.8
Throwing       | |  1.7
Dodging        | |  2.6

Action                   |  1- 3 |  4- 6 |  7- 9 || total
-------------------------+-------+-------+-------++-------
Melee: Quarterstaff      |   105 |   205 |    39 ||   349
       Kick              |    26 |    60 |    15 ||   101
Throw: Throwing net      |       |       |     3 ||     3
  Use: Potion            |       |     3 |     1 ||     4
       Scroll            |       |       |     1 ||     1
 Stab: Sleeping          |     4 |       |       ||     4
       Distracted        |       |       |     1 ||     1
  Eat: Chunk             |     3 |     9 |       ||    12
Armor: Leather armour    |    38 |    66 |       ||   104
       Scale mail        |       |       |    25 ||    25
Dodge: Dodged            |    92 |   127 |    34 ||   253

Table legend:
 A = Spawn XP
 B = Non-spawn XP
 C = Spawn XP percentage of total XP
 D = Spawn monster count
 E = Non-spawn monster count
 F = Spawn count percentage of total count
 G = Total turns spent on level
                    A         B        C        D         E        F      G
               +---------+---------+-------+---------+---------+-------+---------
         Total |      94 |    1021 |   8.4 |       1 |     118 |   0.8 |  5000
               +---------+---------+-------+---------+---------+-------+---------
           D:1 |       0 |      24 |   0.0 |       0 |      11 |   0.0 |   954
           D:2 |       0 |      41 |   0.0 |       0 |      17 |   0.0 |  1310
           D:3 |       0 |     208 |   0.0 |       0 |      51 |   0.0 |  1084
           D:4 |       0 |     513 |   0.0 |       0 |      33 |   0.0 |  1378
           D:5 |       0 |     235 |   0.0 |       0 |       6 |   0.0 |   132
       Abyss:2 |      94 |       0 | 100.0 |       1 |       0 | 100.0 |   142
               +---------+---------+-------+---------+---------+-------+---------
